 Dungeon Crawl Stone Soup version 0.20.1-1-g8b1a95d (webtiles) character file.

37 pstr the Conjurer (level 3, 0/28 HPs)
             Began as a Kobold Conjurer on Nov 15, 2017.
             Succumbed to an orc wizard's poison
             ... on level 1 of the Dungeon.
             The game lasted 00:04:37 (1738 turns).

pstr the Conjurer (Kobold Conjurer)                 Turns: 1738, Time: 00:04:37

Health: 0/28       AC: 21    Str:  5    XL:     3   Next: 62%
Magic:  2/6        EV:  3    Int: 17    God:
Gold:   52         SH:  0    Dex: 15    Spells: 3/6 levels left

rFire    . . .     SeeInvis .   (weapon restricted)
rCold    . . .     Gourm    .   (shield restricted)
rNeg     + + +     Faith    .   (armour currently unavailable)
rPois    +         Spirit   .   (helmet currently unavailable)
rElec    .         Reflect  .   (cloak currently unavailable)
rCorr    .         Harm     .   (gloves currently unavailable)
MR       .....     NoTele   +   (boots currently unavailable)
Stlth    ++........             (no amulet)
Regen    0.1/turn               (no ring)
MPRegen  0.1/turn               (no ring)

@: lethally poisoned (0 -> -8), tree-form
A: carnivore 3
a: no special abilities


You were on level 1 of the Dungeon.
You were very full.
You were a tree.
You visited 1 branch of the dungeon, and saw 2 of its levels.

You collected 52 gold pieces.

Inventory:

Missiles
 e - 22 stones (quivered)
Armour
 a - a +0 robe (melded)
 i - a +0 ring mail
 l - a +0 ring mail
Scrolls
 j - 2 scrolls of identify {unknown}
Potions
 d - a potion of lignification
 f - a potion of magic {unknown}
 g - a potion of flight {unknown}
 k - a potion of haste {unknown}
Books
 b - a book of Conjurations

   Spells                             Type                      Level
   a - Magic Dart                     Conjuration                  1
   b - Searing Ray                    Conjuration                  2
   c - Dazzling Spray                 Conjuration/Hexes            3
   d - Fulminant Prism                Conjuration/Hexes            4
   e - Force Lance                    Conjuration/Translocation    4
   f - Iskenderun's Mystic Blast      Conjuration                  4
Comestibles
 c - 2 meat rations
 h - 2 chunks of flesh


   Skills:
 + Level 2.6 Dodging
 + Level 3.1 Stealth
 + Level 2.4 Spellcasting
 + Level 4.7 Conjurations


You had 3 spell levels left.
You knew the following spells:

 Your Spells              Type           Power        Failure   Level  Hunger
a - Magic Dart            Conj           ###.         2%          1    #......
b - Searing Ray           Conj           ###...       4%          2    ##.....


Dungeon Overview and Level Annotations

Branches:
Dungeon (2/15)

Altars:

Annotations:
D:2 Sigmund


Innate Abilities, Weirdness & Mutations

You are small and have problems with some larger weapons.
You are carnivorous and can eat meat at any time.


Message History

The magic dart hits the orc.
The orc is almost dead.
The orc wizard points at you and mumbles some strange words.
The puff of flame misses you.
The orc wizard begins to cast a cantrip, but forgets the words!
The orc wizard looks satisfied for a moment.
The orc wizard hits you with a dagger of venom.
The orc wizard hits you with a dagger of venom.
You are poisoned.
You feel sick.
You feel sick.
The orc wizard points at you and mumbles some strange words.
The magic dart hits you!
You feel sick. The orc wizard casts a spell at you. The magic dart hits you!
* * * LOW HITPOINT WARNING * * *
It was a potion of lignification.
You turn into a tree.
Your +0 robe melds into your body.
Your roots penetrate the ground.
You die...

...# #.#.###)##.#
#.#.#.##### .###
#..#####.#.## #.#.#.#
##
#.....##....###.....#
##.##.##.....####.###
##.#..o..........#
##...###o########
##### #.# #o# #♣#
######### #.#
#.......# #.#
#.#####.# #.# #.# #.#
#.# #.# ###.#######.#
#.# #.........#.# #.#
#.#.#####.#.##########
#.# #^#.#
#............#


You could see an orc wizard and an orc.

Vanquished Creatures
  2 dart slugs (D:1)
  2 leopard geckos (D:1)
  An orc (D:1)
  2 bats (D:1)
  3 giant cockroaches (D:1)
  2 hobgoblins (D:1)
  5 kobolds (D:1)
  A ball python (D:1)
  2 frilled lizards (D:1)
  4 goblins (D:1)
  5 rats (D:1)
29 creatures vanquished.

Notes
Turn   | Place    | Note
-------+----------+-------------------------------------------
     0 | D:1      | pstr the Kobold Conjurer began the quest for the Orb.
     0 | D:1      | Reached XP level 1. HP: 10/10 MP: 3/3
   253 | D:1      | Reached XP level 2. HP: 15/15 MP: 3/5
   257 | D:1      | Learned a level 2 spell: Searing Ray
   733 | D:1      | Reached XP level 3. HP: 19/19 MP: 4/6
  1473 | D:2      | Noticed Sigmund
  1738 | D:1      | Succumbed to an orc wizard's poison

Skill      XL: |  1  2 |
---------------+-------+-----
Stealth        | 3 |  3.1
Dodging        | |  2.6
Spellcasting   | |  2.4
Conjurations   | |  4.7

Action                   || total
-------------------------++-------
 Cast: Magic Dart        ||    46
       Searing Ray       ||     5
  Use: Potion            ||     1
  Eat: Chunk             ||    11
Dodge: Dodged            ||     9
